 Dungeon Crawl Stone Soup version 0.20.0-15-g7f486f2 (webtiles) character file.

143 anfisbena the Firebug (level 5, -1/28 HPs)
             Began as a Gargoyle Fire Elementalist on June 23, 2017.
             Slain by greprep's ghost (3 damage)
             ... on level 3 of the Dungeon.
             The game lasted 00:03:29 (3643 turns).

anfisbena the Firebug (Gargoyle Fire Elementalist)  Turns: 3643, Time: 00:03:30

Health: -1/28      AC:  7    Str: 12    XL:     5   Next: 25%
Magic:  8/8        EV: 11    Int: 16    God:
Gold:   161        SH:  0    Dex: 10    Spells: 7/8 levels left

rFire    . . .     SeeInvis .   (no weapon)
rCold    . . .     Gourm    .   (no shield)
rNeg     + . .     Faith    .   e - +0 leather armour
rPois    ∞         Spirit   .   (no helmet)
rElec    +         Reflect  .   (no cloak)
rCorr    .         Harm     .   (no gloves)
MR       .....                  (no boots)
Stlth    ++........             (no amulet)
Regen    0.1/turn               (no ring)
MPRegen  0.2/turn               (no ring)

@: no status effects
A: negative energy resistance 1, electricity resistance, unbreathing,
petrification resistance, rot immunity, AC +4
a: no special abilities


You were on level 3 of the Dungeon.
You were hungry.

You visited 1 branch of the dungeon, and saw 3 of its levels.

You collected 161 gold pieces.

Inventory:

Armour
 e - a +0 leather armour (worn)
Wands
 l - a wand of flame (31/48)
 m - a wand of random effects (40/48)
Scrolls
 d - a scroll of recharging {unknown}
 f - a scroll of amnesia {unknown}
 h - a scroll of teleportation {unknown}
 i - a scroll of magic mapping {unknown}
 j - 4 scrolls of identify {unknown}
 k - a scroll of fog {unknown}
 p - a scroll of blinking {unknown}
 s - a scroll of immolation {unknown}
 t - a scroll of enchant weapon {unknown}
 u - 2 scrolls of fear {unknown}
 w - 2 scrolls of remove curse {unknown}
Potions
 n - a potion of curing {unknown}
 q - a potion of cancellation {unknown}
 r - a potion of flight {unknown}
Books
 b - a book of Flames

   Spells                             Type                      Level
   a - Flame Tongue                   Conjuration/Fire             1
   b - Throw Flame                    Conjuration/Fire             2
   c - Conjure Flame                  Conjuration/Fire             3
   d - Inner Flame                    Hexes/Fire                   3
   e - Sticky Flame                   Conjuration/Fire             4
   f - Fireball                       Conjuration/Fire             5
Comestibles
 a - a royal jelly
 c - a bread ration
 o - a meat ration


   Skills:
 - Level 1.5 Dodging
 - Level 2.1 Stealth
 - Level 2.0 Spellcasting
 + Level 2.9 Conjurations
 * Level 5.1 Fire Magic


You had 7 spell levels left.
You knew the following spells:

 Your Spells              Type           Power        Failure   Level  Hunger
a - Flame Tongue          Conj/Fire      ##...        4%          1    #......


Dungeon Overview and Level Annotations

Branches:
Dungeon (3/15)

Altars:
Makhleb
Zin

Annotations:
D:3 greprep's ghost, amateur MiFi


Innate Abilities, Weirdness & Mutations

You are resistant to torment.
Your stone body is resilient. (AC +4)
You are immune to poison.
You resist negative energy. (rN+)
You are resistant to electric shocks. (rElec)
You can survive without breathing.
You are immune to petrification.
You are immune to rotting.


Message History

Press: ? - help, Shift-Dir - straight line, f/p - greprep's ghost
Aim: greprep's ghost (almost destroyed)
The flame tongue hits greprep's ghost.
Greprep's ghost appears unharmed.
Greprep's ghost is almost destroyed.
Greprep's ghost hits you.
* * * LOW HITPOINT WARNING * * *
Casting: Flame Tongue
Confirm with . or Enter, or press ? or * to list all spells.
You don't have enough magic to cast that spell.
It was a potion of magic.
Magic courses through your body. Greprep's ghost barely misses you.
Casting: Flame Tongue
Confirm with . or Enter, or press ? or * to list all spells.
Aiming: Flame Tongue
Press: ? - help, Shift-Dir - straight line, f/p - greprep's ghost
Aim: greprep's ghost (almost destroyed)
The flame tongue hits greprep's ghost.
Greprep's ghost is almost destroyed.
Greprep's ghost hits you.
You die...

########.#..#############
........................#
.......#)#####################
######.#>.............†..W)..#
..# #.#####################.#
#.# #W# #W# #.# #.# #.# #.#
#r# #############.####
#.####.# #@W.........#.....
..W....# #.#########.######
#.###### #.# #.# #.###########
#.# #W# #....W......# #.# #.#
###########.# #.# #.# #.# #.#
#.# #.# #.# #.# #W### #.#


You could see greprep's ghost.

Vanquished Creatures
  5 adders (D:2)
  A worm (D:2)
  6 dart slugs
  2 leopard geckos (D:1)
  4 orcs (D:3)
  5 bats
  6 giant cockroaches
  9 goblins
  8 hobgoblins
  6 jackals
  4 quokkas
  A frilled lizard (D:2)
  8 kobolds
  5 rats
70 creatures vanquished.

Notes
Turn   | Place    | Note
-------+----------+-------------------------------------------
     0 | D:1      | anfisbena the Gargoyle Fire Elementalist began the quest for the Orb.
     0 | D:1      | Reached XP level 1. HP: 10/10 MP: 3/3
   135 | D:1      | Reached XP level 2. HP: 6/15 MP: 0/5
   950 | D:1      | Reached XP level 3. HP: 14/19 MP: 0/6
  1737 | D:2      | Reached skill level 4 in Fire Magic
  1822 | D:2      | Reached XP level 4. HP: 19/24 MP: 0/7
  2396 | D:2      | Noticed an Executioner
  2397 | D:2      | Found a burning altar of Makhleb.
  2408 | D:2      | Found a glowing silver altar of Zin.
  2408 | D:2      | Noticed an angel
  3115 | D:2      | Reached XP level 5. HP: 28/28 MP: 4/8
  3291 | D:3      | Reached skill level 5 in Fire Magic
  3519 | D:3      | Noticed greprep's ghost (amateur MiFi)
  3643 | D:3      | Slain by greprep's ghost

Skill      XL: |  1  2  3  4  5 |
---------------+----------------+-----
Conjurations   | 2 |  2.9
Fire Magic     | 4 5 |  5.1
Dodging        | |  1.5
Stealth        | |  2.1
Spellcasting   | |  2.0

Action                   |  1- 3 |  4- 6 || total
-------------------------+-------+-------++-------
Melee: Unarmed           |    50 |    20 ||    70
 Cast: Flame Tongue      |    60 |    75 ||   135
  Use: Potion            |       |     1 ||     1
  Eat: Chunk             |     4 |     6 ||    10
Armor: Leather armour    |    39 |    49 ||    88
       Robe              |     1 |       ||     1
Dodge: Dodged            |    64 |    41 ||   105
